 Dungeon Crawl Stone Soup version 0.21.1-1-g345015f (webtiles) character file.

198 sking99 the Chiller (level 5, -2/28 HPs)
             Began as a Deep Elf Ice Elementalist on June 23, 2018.
             Was a Follower of Vehumet.
             Slain by a slave (9 damage)
             ... led by Pikel
             ... on level 4 of the Dungeon.
             The game lasted 00:16:54 (4499 turns).

sking99 the Chiller (Deep Elf Ice Elementalist)     Turns: 4499, Time: 00:16:55

Health: -2/28      AC:  2    Str:  5    XL:     5   Next: 47%
Magic:  3/14       EV: 13    Int: 21    God:    Vehumet [*.....]
Gold:   152        SH:  0    Dex: 15    Spells: 2/14 levels left

rFire    . . .     SeeInvis .   n - +2 short sword (protect)
rCold    . . .     Gourm    .   (no shield)
rNeg     . . .     Faith    .   a - +0 robe
rPois    .         Spirit   .   (no helmet)
rElec    .         Reflect  .   (no cloak)
rCorr    .         Harm     .   (no gloves)
MR       .....                  (no boots)
Stlth    ++........             (no amulet)
HPRegen  0.09/turn              (no ring)
MPRegen  0.14/turn              (no ring)

@: very slightly contaminated
A: no striking features
a: Renounce Religion


You were on level 4 of the Dungeon.
You worshipped Vehumet.
Vehumet was aware of your devotion.
You were not hungry.

You visited 1 branch of the dungeon, and saw 4 of its levels.

You collected 152 gold pieces.

Inventory:

Hand Weapons
 n - a +2 short sword of protection (weapon)
Armour
 a - a +0 robe (worn)
 g - a +0 buckler
Jewellery
 o - an uncursed ring of protection from magic {unknown}
Scrolls
 d - a scroll of enchant weapon {unknown}
 f - 2 scrolls of fog {unknown}
 h - 2 scrolls of teleportation {unknown}
 i - 2 scrolls of identify {unknown}
 j - a scroll of blinking {unknown}
 l - a scroll of remove curse {unknown}
 p - a scroll of magic mapping {unknown}
 s - a scroll of fear {unknown}
 t - 3 scrolls of immolation {unknown}
Potions
 e - 3 potions of flight {unknown}
 k - a potion of cancellation {unknown}
 q - a potion of magic {unknown}
 r - a potion of curing {unknown}
Books
 b - a book of Frost

   Spells                             Type                      Level
   a - Freeze                         Ice                          1
   b - Throw Frost                    Conjuration/Ice              2
   c - Ozocubu's Armour               Charms/Ice                   3
   d - Throw Icicle                   Conjuration/Ice              4
   e - Summon Ice Beast               Ice/Summoning                4
Comestibles
 c - 5 rations
 m - a chunk of flesh


   Skills:
 - Level 2.5 Dodging
 - Level 2.5 Stealth
 + Level 1.0 Shields
 - Level 5.0 Spellcasting
 + Level 1.9 Conjurations
 + Level 0.7 Summonings
 + Level 5.1 Ice Magic
 + Level 0.3 Air Magic


You had 2 spell levels left.
You knew the following spells:

 Your Spells              Type           Power        Failure   Level  Hunger
a - Freeze                Ice            ####         1%          1    None
b - Throw Frost           Conj/Ice       ###...       3%          2    None
c - Shock                 Conj/Air       ##..         7%          1    None
d - Summon Ice Beast      Ice/Summ       ###.....     32%         4    ####...
e - Throw Icicle          Conj/Ice       ###.....     24%         4    ####...


Dungeon Overview and Level Annotations

Branches:
Dungeon (4/15)
 Temple: D:4-7

Altars:
Sif Muna
Trog
Vehumet
Xom

Annotations:
D:4 Pikel


Message History

The slave is heavily wounded.
The slave hits you.
* * * LOW HITPOINT WARNING * * *
Casting: Shock
Confirm with . or Enter, or press ? or * to list all spells.
Aiming: Shock
Press: ? - help, Shift-Dir - straight line The zap hits the slave.
The slave is severely wounded.
The zap hits the slave.
The slave is severely wounded.
The slave barely misses you.
Casting: Shock
Confirm with . or Enter, or press ? or * to list all spells.
You miscast Summon Ice Beast.
You are very lightly contaminated with residual magic.
A fistful of eyes flickers past your view.
The slave misses you. The slave hits you!
You die...

## ##...##
##...##
##..p##
###.K## ##..##
##.p## ##..##
##.p##
####.@##
#....#.###
#....<...#
#..........#
#........#..#
##.......##..#
#.......# #..#
#......## #..
##....## ##


You could see Pikel and 3 slaves.

Vanquished Creatures
  10 adders
  An ooze (D:1)
  4 worms
  3 dart slugs
  8 leopard geckos
  3 orcs (D:3)
  A ball python (D:1)
  5 giant cockroaches
  4 goblins
  11 hobgoblins
  4 jackals (D:2)
  7 bats
  4 frilled lizards (D:1)
  8 kobolds
  6 rats
79 creatures vanquished.

Notes
Turn   | Place    | Note
-------+----------+-------------------------------------------
     0 | D:1      | sking99 the Deep Elf Ice Elementalist began the quest for the Orb.
     0 | D:1      | Reached XP level 1. HP: 10/10 MP: 6/6
   174 | D:1      | Reached XP level 2. HP: 15/15 MP: 5/8
   204 | D:1      | Learned a level 2 spell: Throw Frost
   801 | D:1      | Reached XP level 3. HP: 19/19 MP: 0/10
  1668 | D:2      | Found a radiant altar of Vehumet.
  1680 | D:2      | Reached XP level 4. HP: 24/24 MP: 0/12
  1788 | D:2      | Became a worshipper of Vehumet
  2395 | D:2      | Learned a level 4 spell: Throw Icicle
  2425 | D:2      | Reached skill level 5 in Spellcasting
  2674 | D:2      | Found a deep blue altar of Sif Muna.
  3004 | D:2      | Reached skill level 5 in Ice Magic
  3004 | D:2      | Reached XP level 5. HP: 28/28 MP: 4/14
  3091 | D:2      | Learned a level 4 spell: Summon Ice Beast
  3191 | D:2      | Found a shimmering altar of Xom.
  3591 | D:3      | Reached * piety under Vehumet
  3591 | D:3      | Offered knowledge of Shock by Vehumet.
  3613 | D:3      | Learned a level 1 spell: Shock
  4050 | D:3      | Reached skill level 1 in Shields
  4221 | D:3      | Found a bloodstained altar of Trog.
  4445 | D:4      | Noticed a slave
  4446 | D:4      | Noticed a slave
  4447 | D:4      | Noticed a slave
  4447 | D:4      | Noticed a slave
  4448 | D:4      | Noticed Pikel
  4499 | D:4      | Slain by a slave

Skill      XL: |  1  2  3  4  5 |
---------------+----------------+-----
Ice Magic      | 4 5 |  5.1
Spellcasting   | 4 5 |  5.0
Shields        | 1 |  1.0
Dodging        | |  2.5
Stealth        | |  2.5
Conjurations   | |  1.9
Summonings     | |  0.7
Air Magic      | |  0.3

Action                   |  1- 3 |  4- 6 || total
-------------------------+-------+-------++-------
Melee: Unarmed           |     1 |       ||     1
       Short sword       |       |     5 ||     5
 Cast: Freeze            |    35 |    23 ||    58
       Throw Frost       |    42 |    67 ||   109
       Shock             |       |    21 ||    21
       Summon Ice Beast  |       |     1 ||     1
  Eat: Chunk             |     2 |    10 ||    12
Armor: Robe              |     1 |     8 ||     9
Dodge: Dodged            |    13 |    24 ||    37
